Cogmind - Beta 17.1 @@@ ROGUE MODE // 2026.09.19 @ 17:10:29 Player: Nathanio Result: Smashed by cave-in Performance ------------- Evolutions (7) 3500 Regions Visited (20) 4000 Robots Destroyed (81) 405 Value Destroyed (2730) 2730 Prototype IDs (18) 360 Alien Tech Used (0) 0 Bonus (1525) 1525 TOTAL SCORE: 12520 Bonus ------- High Alert Combat Kills 94 Follower Combat Kills 602 Entered DSFs 500 Network Hubs Disabled 200 Met Data Miner 300 Friendly Fire -171 Cogmind --------- Core Integrity 0/1300 Matter 206/300 Energy 100/100 System Corruption 26% Temperature Cool (0) Movement Core (50) Location -3/Research Parts ------- > --- POWER (3) -------- (None) > --- PROPULSION (7) --- (None) > --- UTILITY (9) ------ (None) > --- WEAPON (2) ------- (None) > --- INVENTORY (5) ---- Reinforced Deuterium Engine Micro Fission Core Light Antimatter Reactor Linear Accelerator Peak State ------------ > --- POWER ------------ Reinforced Deuterium Engine Micro Fission Core Graviton Reactor > --- PROPULSION ------- Nuclear Pulse Thruster Biomechanical Wings Q-thruster Impulse Thruster Array Impulse Thruster Array > --- UTILITY ---------- Advanced Visual Processing Unit Long-range Sensor Array Improved Propulsion Shielding Advanced Hacking Suite > --- WEAPON ----------- Linear Accelerator Katana > --- INVENTORY -------- Reinforced Deuterium Engine Improved Linear Gravjet Improved Linear Gravjet Nuclear Pulse Thruster Biomechanical Wings [Rating: 102] Favorites ----------- Power Ion Engine Engine Ion Engine Power Core Light Nuclear Core Reactor Graviton Reactor Propulsion Biomechanical Wings Treads Light Treads Leg Aluminum Leg Hover Unit Gravmag System Flight Unit Biomechanical Wings Utility Advanced Visual Processing Unit Device Structural Scanner Storage Small Storage Unit Processor Advanced Visual Processing Unit Hackware Hacking Suite Protection Improved Propulsion Shielding Weapon Katana Energy Gun EM Pulse Gun Ballistic Gun Light Assault Rifle Ballistic Cannon Gauss Cannon Launcher Grenade Launcher Impact Weapon Hammer Slashing Weapon Katana Piercing Weapon Heavy Pick Build | -11 -10 -10 -10 -8 -8 -7 -7 -7 -6 -6 -6 -6 -6 -6 -5 -5 -4 -4 -4 -3 ------- Run | Yrd Mat Min Sub Mat Sto Fac Low Dat Pro Fac Ext Cet Arc Hub Fac DSF Fac Upp Upp Res Slots Evolved 14 | . . . . 4 . 2 . . . 2 . . . . 2 . 2 . . 2 Power 2 | . . . . . . 1 . . . . . . . . . . . . . 1 Propulsion 5 | . . . . 2 . . . . . 1 . . . . . . 2 . . . Utility 7 | . . . . 2 . 1 . . . 1 . . . . 2 . . . . 1 Weapon . | . . . . . . . . . . . . . . . . . . . . . Parts Attached 117 | 6 8 1 . 10 12 7 1 . 4 14 10 . . 11 1 5 8 . 1 18 Power 27 | 1 1 . . 2 3 2 . . 1 2 4 . . 3 . 3 1 . . 4 Engine 11 | 1 1 . . 2 2 . . . 1 . 1 . . 1 . . 1 . . 1 Core 13 | . . . . . 1 2 . . . 2 3 . . 2 . 3 . . . . Reactor 3 | . . . . . . . . . . . . . . . . . . . . 3 Propulsion 43 | 2 3 . . 6 5 1 . . . 5 3 . . 4 . 2 1 . . 11 Treads 1 | . . . . . . . . . . . . . . 1 . . . . . . Leg 5 | 2 3 . . . . . . . . . . . . . . . . . . . Wheel . | . . . . . . . . . . . . . . . . . . . . . Hover 5 | . . . . . . . . . . . 1 . . . . . . . . 4 Flight 32 | . . . . 6 5 1 . . . 5 2 . . 3 . 2 1 . . 7 Utility 30 | 1 2 . . 2 2 4 1 . 1 5 2 . . 3 1 . 5 . . 1 Device 14 | . 1 . . 1 1 1 1 . 1 3 1 . . . . . 3 . . 1 Storage 1 | 1 . . . . . . . . . . . . . . . . . . . . Processor 5 | . 1 . . 1 1 . . . . 1 . . . 1 . . . . . . Hackware 5 | . . . . . . 2 . . . . . . . 2 . . 1 . . . Protection 5 | . . . . . . 1 . . . 1 1 . . . 1 . 1 . . . Artifact . | . . . . . . . . . . . . . . . . . . . . . Weapon 17 | 2 2 1 . . 2 . . . 2 2 1 . . 1 . . 1 . 1 2 Energy Gun 5 | 1 . . . . . . . . 1 1 . . . 1 . . . . 1 . Energy Cannon . | . . . . . . . . . . . . . . . . . . . . . Ballistic Gun 2 | 1 . . . . . . . . 1 . . . . . . . . . . . Ballistic Cannon 2 | . . . . . . . . . . 1 . . . . . . . . . 1 Launcher 2 | . . 1 . . 1 . . . . . . . . . . . . . . . Special Weapon . | . . . . . . . . . . . . . . . . . . . . . Impact Weapon 1 | . 1 . . . . . . . . . . . . . . . . . . . Slashing Weapon 3 | . 1 . . . 1 . . . . . . . . . . . 1 . . . Piercing Weapon 2 | . . . . . . . . . . . 1 . . . . . . . . 1 Special Melee Weapon . | . . . . . . . . . . . . . . . . . . . . . Unidentified Prototypes 3 | . . . . . 2 . . . . . . . . . . . . . . 1 Parts Lost 77 | . 2 . . 2 9 . . . 5 2 7 3 1 12 . 7 1 3 1 22 Power 12 | . . . . . 1 . . . 1 . 3 . . 4 . 1 . . . 2 Propulsion 32 | . 1 . . 1 5 . . . . 1 3 1 1 4 . 1 . 1 . 13 Utility 22 | . . . . . 2 . . . 2 . 1 1 . 4 . 3 1 2 1 5 Weapon 11 | . 1 . . 1 1 . . . 2 1 . 1 . . . 2 . . . 2 Highest Loss Streak 16 | . 1 . . 1 4 . . . 2 2 3 1 2 5 . 7 1 2 2 16 To Critical Strikes 2 | . . . . . 1 . . . . . . 1 . . . . . . . . Average Backups 4 | . 4 7 7 2 3 3 4 5 4 4 4 4 3 4 4 4 3 5 5 4 Power . | . 1 1 1 . . . 1 1 . . . 2 2 . 2 2 2 2 2 1 Propulsion 1 | . 2 3 5 1 1 . . . . 2 . . . . . . . . . 1 Utility 1 | . . 1 1 1 1 2 2 3 2 1 2 2 1 3 1 1 . . . . Weapon . | . . 1 . . . . . 1 1 . . . . . 1 1 . 1 2 . Tool/Special . | . . . . . . . . . . . . . . . . . . . . . Unused Backups 11 | . 2 2 . 1 . 1 . . . 1 . . . . . . . 1 . 3 Power 2 | . . . . . . 1 . . . . . . . . . . . 1 . . Propulsion 3 | . 2 . . 1 . . . . . . . . . . . . . . . . Utility 2 | . . 2 . . . . . . . . . . . . . . . . . . Weapon 3 | . . . . . . . . . . 1 . . . . . . . . . 2 Tool/Special 1 | . . . . . . . . . . . . . . . . . . . . 1 Average Slot Usage (%) 84 | . 96 100 100 79 79 70 92 92 94 95 91 85 76 64 70 64 67 66 54 42 Engine 7 | . 14 14 14 9 6 . . . 6 2 . . . 1 . . 3 5 5 3 Core 2 | . . . . . 2 8 7 7 6 8 8 6 6 2 5 5 2 . . . Leg 10 | . 27 28 28 . . . . . . . . . . . . . . . . . Flight 16 | . . . . 33 34 23 30 30 30 32 30 24 18 14 17 20 22 22 21 13 Device 10 | . 10 14 14 16 13 2 15 15 10 11 10 6 11 8 5 3 10 15 6 3 Storage 5 | . 14 14 14 1 . . . . . . . . . . . . . . . . Processor 5 | . 1 . . 2 9 7 7 7 7 6 13 13 13 13 11 8 5 5 5 1 Hackware 5 | . . . . . . 14 15 15 15 13 13 13 13 7 5 5 7 6 5 3 Protection 1 | . . . . . . . . . 1 6 1 6 . . 11 9 9 5 5 1 Energy Gun 2 | . 9 . . . . . . . 4 2 . . . 3 5 3 . . . . Ballistic Gun 1 | . 7 . . 3 2 . . . . 1 . . . . . . . . . . Launcher 3 | . . 12 14 2 3 5 7 7 . . . . . . . . . . . . Impact Weapon 3 | . 3 14 14 9 2 . . . . . . . . . . . . . . . Slashing Weapon 3 | . 6 1 . . 5 7 7 7 7 6 1 . . . . . 4 5 5 3 Piercing Weapon 1 | . . . . . . . . . . . 4 6 6 6 5 4 . . . . Peak Build Rating 102 | 6 7 8 8 18 25 30 33 33 35 59 61 54 48 51 49 49 79 74 57 102 Average Rating 30 | 4 6 7 8 16 20 25 32 33 32 52 55 49 46 41 49 45 66 66 53 63 On Entrance 33 | . 6 7 8 8 17 15 30 33 33 29 59 54 43 46 46 49 40 74 57 55 Avg Prop Armor Cover (%) 7 | . . . . . . . . . . . 7 6 12 10 . . . . . 7 Naked Turns 2 | . . . . . . . . . . . . . . . . . . . . 2 Heaviest Build 53 | 13 15 16 16 17 15 14 15 15 19 25 33 22 11 19 16 16 28 26 26 53 Greatest Support 53 | 20 20 20 20 16 17 17 17 17 17 30 30 24 17 20 17 31 33 33 26 53 Greatest Overweight (x) 6 | . 1 . . 1 1 . . . 1 . 1 . . 6 . . . . . 4 Average Overweight (x) . | . . . . . . . . . . . . . . . . . . . . . Largest Inventory Capacity 8 | 8 8 8 8 8 5 5 5 5 5 5 5 5 5 5 5 5 5 5 5 5 Average Capacity 6 | 6 8 8 8 5 5 5 5 5 5 5 5 5 5 5 5 5 5 5 5 5 Most Carried 8 | 1 8 8 8 8 5 5 5 5 5 5 5 4 4 5 4 5 5 5 5 5 Average Carried 4 | . 4 7 8 2 3 3 4 5 4 4 4 4 3 4 4 4 3 4 5 4 Final Capacity 8 | 8 8 8 8 5 5 5 5 5 5 5 5 5 5 5 5 5 5 5 5 5 Final Carried 8 | 1 7 8 8 4 5 4 5 5 3 5 4 4 3 5 4 5 5 5 5 4 Scrap Suit Usage (%) 6 | . . . . 94 50 . . . . . . . . . . . . . . . Parts Cannibalized 2 | . . . . 1 1 . . . . . . . . . . . . . . . Class Distribution -------------------- 48% | Mutant 17% | Hacker-Sprinter 8% | Scavenger-Sprinter 8% | Hacker-Scout 3% | Scientist-Ninja Dominant Class ---------------- Mutant | -10/Materials Mutant | -10/Mines Mutant | -10/Subcaves Scavenger-Sprinter | -8/Materials Scavenger-Sprinter | -8/Storage Hacker-Sprinter | -7/Factory Hacker-Sprinter | -7/Lower Caves Hacker-Sprinter | -7/Data Miner Hacker-Sprinter | -6/Proximity Caves Hacker-Sprinter | -6/Factory Scientist-Ninja | -6/Extension Hacker-Scout | -6/Cetus Hacker-Ninja | -6/Archives Assassin | -6/Hub_04(d) Assassin | -5/Factory Sprinter | -5/DSF Hacker-Scout | -4/Factory Scout | -4/Upper Caves Sprinter | -4/Upper Caves Mutant | -3/Research Resources | -11 -10 -10 -10 -8 -8 -7 -7 -7 -6 -6 -6 -6 -6 -6 -5 -5 -4 -4 -4 -3 ----------- Run | Yrd Mat Min Sub Mat Sto Fac Low Dat Pro Fac Ext Cet Arc Hub Fac DSF Fac Upp Upp Res Matter Collected 1712 | 170 192 90 40 86 223 165 . . 100 102 201 . . 57 . . . 164 16 106 Remotely . | . . . . . . . . . . . . . . . . . . . . . Salvage Created 2534 | . 401 141 182 75 422 165 . . 172 102 320 . . 177 . . . . 59 318 Parts 158 | . 25 9 18 9 31 9 . . 5 6 16 . . 10 . . . . 3 17 Haulers Intercepted 1 | . 1 . . . . . . . . . . . . . . . . . . . Recyclers Shooed . | . . . . . . . . . . . . . . . . . . . . . Parts Field Recycled . | . . . . . . . . . . . . . . . . . . . . . Retrieved Matter . | . . . . . . . . . . . . . . . . . . . . . Parts Self-Destructed 20 | . . . 9 . . . . . 8 . . . . . . . . . 3 . Prevented 2 | . . . . . . . . . . . . . . . . . . 2 . . Parts Restored . | . . . . . . . . . . . . . . . . . . . . . Kills | -11 -10 -10 -10 -8 -8 -7 -7 -7 -6 -6 -6 -6 -6 -6 -5 -5 -4 -4 -4 -3 ------- Run | Yrd Mat Min Sub Mat Sto Fac Low Dat Pro Fac Ext Cet Arc Hub Fac DSF Fac Upp Upp Res Combat Hostiles Destroyed 66 | . 7 8 8 6 11 1 . . 5 3 5 . . 5 . . . . 1 6 Melee 28 | . 4 . . . 4 . . . 4 2 5 . . 2 . . . . 1 6 Guns 9 | . 2 . . 1 1 . . . 1 1 . . . 3 . . . . . . Cannons 4 | . . . . 4 . . . . . . . . . . . . . . . . AOE 20 | . . 8 8 . 4 . . . . . . . . . . . . . . . Classes Destroyed 12 | . 4 2 1 2 . . . . 2 . 1 . . . . . . . . . Builder 2 | . 1 . . . 1 . . . . . . . . . . . . . . . Hauler 1 | . 1 . . . . . . . . . . . . . . . . . . . Recycler 1 | . . 1 . . . . . . . . . . . . . . . . . . Operator 5 | . . . . 1 2 1 . . . . . . . 1 . . . . . . Drone 1 | . . . . . . . . . 1 . . . . . . . . . . . Watcher 6 | . 2 . . . . 2 . . . 1 1 . . . . . . . . . Swarmer 29 | . . 6 . 5 5 . . . 2 3 . . . 4 . . . . . 4 Grunt 14 | . 7 2 . . 3 . . . . . 2 . . . . . . . . . Sentry 10 | . . . . 1 3 1 . . 1 . 2 . . 1 . . . . . 1 Hunter 2 | . . . . . . . . . . . 1 . . . . . . . . 1 Programmer 2 | . . . . . . . . . 1 . . . . . . . . . 1 . Subdweller 8 | . . . 8 . . . . . . . . . . . . . . . . . Best Kill Streak 8 | . 4 6 8 5 4 2 . . 2 4 2 . . 4 . . . . 1 4 Combat Bots Only 8 | . 2 5 8 5 3 1 . . 2 3 2 . . 3 . . . . 1 4 Max Kills in Single Turn 4 | . 1 3 4 1 3 1 . . 1 1 1 . . 1 . . . . 1 1 Gunslinging . | . . . . . . . . . . . . . . . . . . . . . Exploded 4 | . . 3 4 . 3 . . . . . . . . . . . . . . . Melee 1 | . 1 . . . 1 . . . 1 1 1 . . 1 . . . . 1 1 Uniques/NPCs Destroyed . | . . . . . . . . . . . . . . . . . . . . . Combat | -11 -10 -10 -10 -8 -8 -7 -7 -7 -6 -6 -6 -6 -6 -6 -5 -5 -4 -4 -4 -3 -------- Run | Yrd Mat Min Sub Mat Sto Fac Low Dat Pro Fac Ext Cet Arc Hub Fac DSF Fac Upp Upp Res Hostile Shots Fired 858 | . 53 16 11 46 115 24 . . 52 13 82 24 20 93 . 26 12 36 19 216 Missed 383 | . 9 8 7 18 54 17 . . 27 4 35 14 9 34 . 11 10 18 8 100 Hits 475 | . 44 8 4 28 61 7 . . 25 9 47 10 11 59 . 15 2 18 11 116 Melee 10 | . . . . . . . . . . . . . . . . 9 1 . . . Projectile 465 | . 44 8 4 28 61 7 . . 25 9 47 10 11 59 . 6 1 18 11 116 AOE 2 | . . . . . . . . . . . . . . . . 2 . . . . Critical Strikes 27 | . 2 . . 1 3 . . . 1 . 2 1 1 1 . 8 2 1 1 3 Actively Blocked 5 | . . . . . . . . . . . . . . . . 4 1 . . . Damage Taken 8442 | . 589 104 85 309 728 51 . . 357 222 668 279 258 900 . 687 41 248 217 2699 Core 2858 | . 111 46 . 52 96 . . . 109 75 109 38 171 303 . 365 21 21 39 1302 Absorbed by Shields 403 | . . . . . 20 . . . . . 383 . . . . . . . . . Redirected to Shielding 259 | . . . . . . . . . . 3 . . . . . 130 13 57 37 19 Regen/Repaired (Parts) 59 | . . . . 6 5 19 . . . . . . . . . . 29 . . . Core Remaining (%) 66 | 100 . . 37 . 73 . . . 84 . . . . 18 . 63 . . 92 . Volleys Fired 86 | . 17 8 5 20 9 5 . . 3 5 3 . . 8 . . . . 1 2 Largest 2 | . 2 1 1 1 1 1 . . 1 1 1 . . 1 . . . . 1 1 Hottest 80 | . 60 30 30 37 36 36 . . 50 50 40 . . 80 . . . . 60 54 Shots Fired 104 | . 34 8 5 20 9 5 . . 3 5 3 . . 8 . . . . 1 3 Gun 60 | . 34 . . 4 5 . . . 3 5 . . . 8 . . . . 1 . Cannon 17 | . . . . 11 . . . . . . 3 . . . . . . . . 3 Launcher 27 | . . 8 5 5 4 5 . . . . . . . . . . . . . . Special . | . . . . . . . . . . . . . . . . . . . . . Kinetic 46 | . 17 . . 15 5 . . . 2 1 3 . . . . . . . . 3 Thermal 8 | . . . . . . . . . . . . . . 8 . . . . . . Explosive 18 | . . 8 5 5 . . . . . . . . . . . . . . . . Electromagnetic 32 | . 17 . . . 4 5 . . 1 4 . . . . . . . . 1 . Robot Hit Streak 10 | . 5 1 4 10 1 1 . . 2 3 3 . . 9 . . . . . 2 Robot Miss Streak 4 | . 4 1 . 2 2 2 . . 1 2 . . . 3 . . . . 2 1 Penetration Max . | . . . . . . . . . . . . . . . . . . . . . Secondary Targets . | . . . . . . . . . . . . . . . . . . . . . Shots Hit Robots 152 | . 39 1 3 18 12 5 . . 7 9 19 . . 12 . . . . 12 15 Core Hits 105 | . 13 12 14 6 14 5 . . 4 6 8 . . 12 . . . . 2 9 Critical Kills 1 | . . . . . . . . . 1 . . . . . . . . . . . Critical Parts Destroyed 5 | . 2 . . 1 1 . . . 1 . . . . . . . . . . . Critical Strikes 9 | . 3 . . 1 1 . . . 2 . 1 . . . . . . . 1 . Destroy 2 | . . . . . . . . . 2 . . . . . . . . . . . Corrupt 1 | . 1 . . . . . . . . . . . . . . . . . . . Smash 4 | . 2 . . 1 1 . . . . . . . . . . . . . . . Sever 1 | . . . . . . . . . . . . . . . . . . . 1 . Impale 1 | . . . . . . . . . . . 1 . . . . . . . . . Melee Attacks 213 | . 25 . . 6 31 4 . . 13 9 19 20 6 9 . 2 3 14 13 39 Impact 25 | . 8 . . 6 11 . . . . . . . . . . . . . . . Slashing 120 | . 17 . . . 20 4 . . 13 9 . . . . . . 3 14 13 27 Piercing 68 | . . . . . . . . . . . 19 20 6 9 . 2 . . . 12 Sneak Attacks 7 | . 1 . . . 1 . . . . . 4 . . . . . . . 1 . Combat Hostiles 4 | . . . . . . . . . . . 3 . . . . . . . 1 . Follow-up Attacks 3 | . 3 . . . . . . . . . . . . . . . . . . . Damage Inflicted 5932 | . 784 363 701 390 728 243 . . 204 265 797 . . 510 . . . . 417 530 Guns 538 | . 278 . . 20 15 . . . 13 58 . . . 154 . . . . . . Cannons 308 | . . . . 140 . . . . . . 84 . . . . . . . . 84 Explosions 1990 | . 58 363 701 120 402 113 . . . 34 . . . 199 . . . . . . Melee 3096 | . 448 . . 110 311 130 . . 191 173 713 . . 157 . . . . 417 446 Ramming . | . . . . . . . . . . . . . . . . . . . . . Kinetic 417 | . 61 . . 160 15 . . . 13 . 84 . . . . . . . . 84 Thermal 356 | . 58 . . . 110 . . . . 34 . . . 154 . . . . . . Explosive 1184 | . . 363 701 120 . . . . . . . . . . . . . . . . Electromagnetic 879 | . 217 . . . 292 113 . . . 58 . . . 199 . . . . . . Impact 445 | . 168 . . 110 167 . . . . . . . . . . . . . . . Slashing 1528 | . 280 . . . 144 130 . . 191 173 . . . . . . . . 417 193 Piercing 1123 | . . . . . . . . . . . 713 . . 157 . . . . . 253 Highest Corruption 26 | . . . . . 1 . . . 1 . 3 3 3 6 . . . . 3 26 Average Corruption 4 | . . . . . 1 . . . 1 . 2 3 3 4 . . . . 2 14 Corruption Purged . | . . . . . . . . . . . . . . . . . . . . . Corruption Blocked . | . . . . . . . . . . . . . . . . . . . . . Effects 31 | . . . . . 4 . . . 2 . . 4 1 4 . . . . 1 15 Message Errors 8 | . . . . . 3 . . . 1 . . 1 . 1 . . . . . 2 Matter Fused 8 | . . . . . . . . . 1 . . 2 1 1 . . . . 1 2 Heat Flow Errors 2 | . . . . . . . . . . . . 1 . . . . . . . 1 Energy Discharges 4 | . . . . . . . . . . . . . . 2 . . . . . 2 Data Loss (minor) 1 | . . . . . . . . . . . . . . . . . . . . 1 Data Loss (major) 2 | . . . . . 1 . . . . . . . . . . . . . . 1 Misfires 1 | . . . . . . . . . . . . . . . . . . . . 1 Misdirections 5 | . . . . . . . . . . . . . . . . . . . . 5 Overload Shots . | . . . . . . . . . . . . . . . . . . . . . Overflow Damage 381 | . 68 . . 46 57 . . . 20 8 75 . . 48 . . . . 52 7 Projectiles 1 | . . . . 1 . . . . . . . . . . . . . . . . Explosions 53 | . . . . 4 . . . . . 1 . . . 48 . . . . . . Melee 327 | . 68 . . 41 57 . . . 20 7 75 . . . . . . . 52 7 Knockbacks 1 | . 1 . . . . . . . . . . . . . . . . . . . Impact 1 | . 1 . . . . . . . . . . . . . . . . . . . Kinetic . | . . . . . . . . . . . . . . . . . . . . . Secondary . | . . . . . . . . . . . . . . . . . . . . . Self-Inflicted Damage 245 | . 11 28 . . 12 . . . . 25 . . . 169 . . . . . . Shots 6 | . 1 1 . . 1 . . . . 1 . . . 2 . . . . . . Rammed . | . . . . . . . . . . . . . . . . . . . . . Targets Rammed . | . . . . . . . . . . . . . . . . . . . . . Kicked . | . . . . . . . . . . . . . . . . . . . . . Crushed . | . . . . . . . . . . . . . . . . . . . . . Highest Temperature 147 | . 126 10 . 20 12 4 . . 21 20 2 147 . 30 . . . . 4 125 Average Temperature 31 | . 48 5 . 6 7 2 . . 8 9 2 74 . 8 . . . . 3 40 Received Heat Transfer 1321 | . 363 21 18 54 231 12 . . 102 . 121 36 27 198 . . . 9 . 129 Siege Activations . | . . . . . . . . . . . . . . . . . . . . . Martial Activations . | . . . . . . . . . . . . . . . . . . . . . Shielding Activations . | . . . . . . . . . . . . . . . . . . . . . Robots Disrupted . | . . . . . . . . . . . . . . . . . . . . . Combat Hostiles . | . . . . . . . . . . . . . . . . . . . . . Robots Corrupted 7 | . 1 . . 2 3 1 . . . . . . . . . . . . . . Combat Hostiles 5 | . 1 . . 1 2 1 . . . . . . . . . . . . . . Parts Fried 9 | . 4 . . . 1 2 . . . 1 . . . 1 . . . . . . Impact Corruptions 13 | . 4 . . 4 5 . . . . . . . . . . . . . . . Robots Melted . | . . . . . . . . . . . . . . . . . . . . . Combat Hostiles . | . . . . . . . . . . . . . . . . . . . . . Parts Melted . | . . . . . . . . . . . . . . . . . . . . . Heat Transferred 650 | . 50 . . . 200 . . . . 50 . . . 350 . . . . . . Parts Sabotaged . | . . . . . . . . . . . . . . . . . . . . . Parts Stolen . | . . . . . . . . . . . . . . . . . . . . . Parts Stripped . | . . . . . . . . . . . . . . . . . . . . . Power Chain Reactions 5 | . 1 . . . 2 . . . . 1 . . . 1 . . . . . . Alert | -11 -10 -10 -10 -8 -8 -7 -7 -7 -6 -6 -6 -6 -6 -6 -5 -5 -4 -4 -4 -3 ------- Run | Yrd Mat Min Sub Mat Sto Fac Low Dat Pro Fac Ext Cet Arc Hub Fac DSF Fac Upp Upp Res Maximum Alert Level 2 | . . 1 . . 2 1 . . . 2 2 1 . 1 . . . . . 2 Low Security (%) 71 | 100 100 91 . 100 48 64 . . . . 34 . 100 87 100 100 100 . . 58 Level 1 18 | . . 8 . . 30 35 . . . 13 35 100 . 12 . . . . . 36 Level 2 10 | . . . . . 21 . . . . 86 30 . . . . . . . . 5 Level 3 . | . . . . . . . . . . . . . . . . . . . . . Level 4 . | . . . . . . . . . . . . . . . . . . . . . Level 5 . | . . . . . . . . . . . . . . . . . . . . . High Security . | . . . . . . . . . . . . . . . . . . . . . Max Security . | . . . . . . . . . . . . . . . . . . . . . Peak Influence 558 | . 61 224 . 144 481 214 . . . 452 558 303 103 229 94 67 64 . . 432 Initial 407 | . . 16 . . 56 214 . . . 407 205 303 87 34 94 65 . . . 15 Average 135 | . 15 67 . 57 225 186 . . . 428 319 270 94 84 94 39 4 . . 155 Influence Increases 4369 | . 278 248 . 217 677 73 . . 350 433 757 15 31 356 . 4 86 90 30 724 Destroy 0b10 Robot/C 1480 | . 140 160 . 120 220 20 . . 80 60 440 . . 100 . . . . 20 120 Destroy 0b10 Robot/NC 85 | . 20 5 . 5 15 15 . . 5 5 10 . . 5 . . . . . . Destroy Leader 294 | . 46 30 . 30 50 14 . . 10 12 42 . . 20 . . . . 10 30 Allied During Kill 75 | . . . . . . . . . . . 75 . . . . . . . . . Successful Hack 136 | . 5 . . . 30 24 . . . 22 6 . . . . . 5 . . 44 Disable Machine 315 | . 15 15 . . 60 . . . . 15 60 15 30 105 . . . . . . Destroy Structure 214 | . 7 38 . 32 17 . . . . 4 4 . 1 81 . 4 6 . . 20 Advance Influence 300 | . . . . . . . . . . 300 . . . . . . . . . . Partial Spotted 90 | . . . . . 45 . . . . . . . . . . . 30 . . 15 Lose Combat Pursuer 1380 | . 45 . . 30 240 . . . 255 15 120 . . 45 . . 45 90 . 495 Influence Decreases 4037 | . 236 186 104 83 338 359 80 107 180 183 635 339 151 260 100 98 32 114 36 416 Entered New Map 1472 | . . 26 55 . 78 259 70 107 . 63 215 239 131 64 100 29 . 21 6 9 Time Decay 1668 | . 219 160 49 63 170 100 10 . 140 100 230 70 10 110 . . 22 70 20 125 Search Patrol Dispatched 100 | . . . . . . . . . . . . . . . . . . . . 100 Lost Part 677 | . 17 . . 20 90 . . . 40 20 70 30 10 86 . 69 10 23 10 182 Lost Ally 120 | . . . . . . . . . . . 120 . . . . . . . . . Squads Dispatched 17 | . 2 . . . 2 1 . . . 1 2 . . 3 . 1 2 . . 3 Investigation 5 | . 2 . . . . . . . . . 1 . . 1 . . . . . 1 Extermination 3 | . . . . . . 1 . . . . . . . 1 . . . . . 1 Reinforcement 9 | . . . . . 2 . . . . 1 1 . . 1 . 1 2 . . 1 Assault . | . . . . . . . . . . . . . . . . . . . . . Garrison . | . . . . . . . . . . . . . . . . . . . . . Intercept . | . . . . . . . . . . . . . . . . . . . . . Searches Triggered 1 | . . . . . . . . . . . . . . . . . . . . 1 Construction Impeded . | . . . . . . . . . . . . . . . . . . . . . Haulers Reinforced . | . . . . . . . . . . . . . . . . . . . . . Active Scanning Responses . | . . . . . . . . . . . . . . . . . . . . . Cargo Convoy Interrupts . | . . . . . . . . . . . . . . . . . . . . . Stealth | -11 -10 -10 -10 -8 -8 -7 -7 -7 -6 -6 -6 -6 -6 -6 -5 -5 -4 -4 -4 -3 --------- Run | Yrd Mat Min Sub Mat Sto Fac Low Dat Pro Fac Ext Cet Arc Hub Fac DSF Fac Upp Upp Res Distress Signals 9 | . . . . . 5 . . . . 1 . . . 1 . . . 1 . 1 Communications Jammed . | . . . . . . . . . . . . . . . . . . . . . Distress Signals . | . . . . . . . . . . . . . . . . . . . . . Times Spotted 245 | . 17 5 10 18 36 6 . . 27 6 30 5 4 12 . 4 10 9 2 44 Peak Tracking Total 23 | . 3 3 5 10 8 1 . . 8 3 10 5 4 3 . 4 6 6 2 23 Tactical Retreats 30 | . 2 . . 1 6 . . . 5 1 6 . . 1 . . 1 2 . 5 Traps | -11 -10 -10 -10 -8 -8 -7 -7 -7 -6 -6 -6 -6 -6 -6 -5 -5 -4 -4 -4 -3 ------- Run | Yrd Mat Min Sub Mat Sto Fac Low Dat Pro Fac Ext Cet Arc Hub Fac DSF Fac Upp Upp Res Traps Triggered 5 | . 1 . . . . . . . . 1 3 . . . . . . . . . Indirectly . | . . . . . . . . . . . . . . . . . . . . . Trap Hack Attempts . | . . . . . . . . . . . . . . . . . . . . . Triggered . | . . . . . . . . . . . . . . . . . . . . . Disarmed . | . . . . . . . . . . . . . . . . . . . . . Reprogrammed . | . . . . . . . . . . . . . . . . . . . . . Reused . | . . . . . . . . . . . . . . . . . . . . . Traps Extracted . | . . . . . . . . . . . . . . . . . . . . . Installed 1 | . . 1 . . . . . . . . . . . . . . . . . . Triggered . | . . . . . . . . . . . . . . . . . . . . . Machines | -11 -10 -10 -10 -8 -8 -7 -7 -7 -6 -6 -6 -6 -6 -6 -5 -5 -4 -4 -4 -3 ---------- Run | Yrd Mat Min Sub Mat Sto Fac Low Dat Pro Fac Ext Cet Arc Hub Fac DSF Fac Upp Upp Res Machines Disabled 21 | . 1 1 . . 4 . . . . 1 4 1 2 7 . . . . . . Max in Single Turn 7 | . 1 1 . . 2 . . . . 1 . 1 1 7 . . . . . . Garrison Access 1 | . . . . . . . . . . 1 . . . . . . . . . . Network Hub 1 | . . . . . . . . . . . . . . 1 . . . . . . Energy Cycler 1 | . . . . . . . . . . . 1 . . . . . . . . . Machines Repaired . | . . . . . . . . . . . . . . . . . . . . . Machines Dismantled . | . . . . . . . . . . . . . . . . . . . . . Machines Sabotaged . | . . . . . . . . . . . . . . . . . . . . . Overloaded Fab Kills . | . . . . . . . . . . . . . . . . . . . . . Hacking | -11 -10 -10 -10 -8 -8 -7 -7 -7 -6 -6 -6 -6 -6 -6 -5 -5 -4 -4 -4 -3 --------- Run | Yrd Mat Min Sub Mat Sto Fac Low Dat Pro Fac Ext Cet Arc Hub Fac DSF Fac Upp Upp Res Machines Accessed 40 | . 2 . . . 7 4 1 4 . 7 2 1 . 2 1 . 5 . . 4 Terminals 25 | . 2 . . . 6 3 . . . 3 2 1 . 1 1 . 2 . . 4 Fabricators . | . . . . . . . . . . . . . . . . . . . . . Repair Stations 2 | . . . . . . 1 . . . . . . . . . . 1 . . . Recycling Units 2 | . . . . . . . . . . 1 . . . . . . 1 . . . Scanalyzers 3 | . . . . . . . . . . 2 . . . . . . 1 . . . Garrison Access 3 | . . . . . 1 . . . . 1 . . . 1 . . . . . . Total Hacks 149 | . 3 . . . 22 8 1 27 . 35 16 2 . 5 2 . 11 . . 17 Successful 102 | . 2 . . . 10 7 1 27 . 29 9 1 . 1 1 . 7 . . 7 Failed 42 | . 1 . . . 12 1 . . . 6 5 1 . 4 1 . 4 . . 7 Catastrophic 9 | . . . . . 2 1 . . . . . 1 . 2 . . 1 . . 2 Database Lockouts 5 | . . . . . . . . . . . 2 . . . . . . . . 3 Manual 1 | . . . . . . . . . . . . . 1 . . . . . . . Terminals 73 | . 3 . . . 20 5 . . . 4 16 2 . 2 2 . 2 . . 17 Fabricators . | . . . . . . . . . . . . . . . . . . . . . Repair Stations 8 | . . . . . . 3 . . . . . . . . . . 5 . . . Recycling Units 4 | . . . . . . . . . . 2 . . . . . . 2 . . . Scanalyzers 30 | . . . . . . . . . . 28 . . . . . . 2 . . . Garrison Access 6 | . . . . . 2 . . . . 1 . . . 3 . . . . . . Terminal Hacks 68 | . 2 . . . 10 4 1 27 . 3 9 1 . 1 1 . 2 . . 7 Record 35 | . 1 . . . 1 4 . 11 . 1 9 . . . . . 1 . . 7 Part Schematic 9 | . . . . . 1 . . 8 . . . . . . . . . . . . Robot Schematic 5 | . . . . . . . . 5 . . . . . . . . . . . . Prototype ID Bank 5 | . . . . . 2 . . 3 . . . . . . . . . . . . Open Door 3 | . . . . . 1 . 1 . . . . 1 . . . . . . . . Open DSF 4 | . . . . . . . . . . 2 . . . . 1 . 1 . . . Alert Level 2 | . . . . . 1 . . . . . . . . 1 . . . . . . Locate Traps 1 | . . . . . 1 . . . . . . . . . . . . . . . Security Status 1 | . . . . . 1 . . . . . . . . . . . . . . . Transport Status 1 | . 1 . . . . . . . . . . . . . . . . . . . Recall Extermination 1 | . . . . . 1 . . . . . . . . . . . . . . . Zone Layout 1 | . . . . . 1 . . . . . . . . . . . . . . . Fabricator Hacks . | . . . . . . . . . . . . . . . . . . . . . Repair Station Hacks 5 | . . . . . . 3 . . . . . . . . . . 2 . . . Scan Component 3 | . . . . . . 2 . . . . . . . . . . 1 . . . Repair 2 | . . . . . . 1 . . . . . . . . . . 1 . . . Recycling Unit Hacks 1 | . . . . . . . . . . . . . . . . . 1 . . . Retrieve Matter 1 | . . . . . . . . . . . . . . . . . 1 . . . Scanalyzer 27 | . . . . . . . . . . 25 . . . . . . 2 . . . Insert Component 8 | . . . . . . . . . . 8 . . . . . . . . . . Analyze 10 | . . . . . . . . . . 10 . . . . . . . . . . Retrieve Study 9 | . . . . . . . . . . 7 . . . . . . 2 . . . Garrison Access Hacks 1 | . . . . . . . . . . 1 . . . . . . . . . . Seal Access 1 | . . . . . . . . . . 1 . . . . . . . . . . Unauthorized Hacks . | . . . . . . . . . . . . . . . . . . . . . Terminals . | . . . . . . . . . . . . . . . . . . . . . Fabricators . | . . . . . . . . . . . . . . . . . . . . . Repair Stations . | . . . . . . . . . . . . . . . . . . . . . Recycling Units . | . . . . . . . . . . . . . . . . . . . . . Scanalyzers . | . . . . . . . . . . . . . . . . . . . . . Garrison Access . | . . . . . . . . . . . . . . . . . . . . . Data Cores Recovered 2 | . . . . 1 . 1 . . . . . . . . . . . . . . Used 1 | . . . . . . 1 . . . . . . . . . . . . . . Hacking Detections 23 | . 2 . . . 5 4 . . . 2 2 1 . 2 . . 2 . . 3 Full Trace Events 4 | . . . . . 1 . . . . . 1 . . 1 . . . . . 1 Feedback Events 3 | . . . . . 1 . . . . . . . . 1 . . . . . 1 Corruption 2 | . . . . . 1 . . . . . . . . . . . . . . 1 Hackware Fried 1 | . . . . . . . . . . . . . . 1 . . . . . . Feedback Blocked . | . . . . . . . . . . . . . . . . . . . . . Robot Schematics Acquired 5 | . . . . . . . . 5 . . . . . . . . . . . . Robots Built . | . . . . . . . . . . . . . . . . . . . . . Authchips . | . . . . . . . . . . . . . . . . . . . . . Time . | . . . . . . . . . . . . . . . . . . . . . Total Robot Build Rating . | . . . . . . . . . . . . . . . . . . . . . Part Schematics Acquired 16 | . . . . . 1 . . 8 . 7 . . . . . . . . . . Parts Built . | . . . . . . . . . . . . . . . . . . . . . Authchips . | . . . . . . . . . . . . . . . . . . . . . Time . | . . . . . . . . . . . . . . . . . . . . . Total Part Build Rating . | . . . . . . . . . . . . . . . . . . . . . Part Studies Acquired 9 | . . . . . . . . . . 7 . . . . . . 2 . . . Parts Repaired 2 | . . . . . . 1 . . . . . . . . . . 1 . . . Time 63 | . . . . . . 38 . . . . . . . . . . 25 . . . Parts Recycled . | . . . . . . . . . . . . . . . . . . . . . Recycled Matter . | . . . . . . . . . . . . . . . . . . . . . Retrieved Matter . | . . . . . . . . . . . . . . . . . . . . . Retrieved Components . | . . . . . . . . . . . . . . . . . . . . . Parts Scanalyzed 7 | . . . . . . . . . . 7 . . . . . . . . . . Part Schematics Acquired 7 | . . . . . . . . . . 7 . . . . . . . . . . Parts Damaged . | . . . . . . . . . . . . . . . . . . . . . Bothacking | -11 -10 -10 -10 -8 -8 -7 -7 -7 -6 -6 -6 -6 -6 -6 -5 -5 -4 -4 -4 -3 ------------ Run | Yrd Mat Min Sub Mat Sto Fac Low Dat Pro Fac Ext Cet Arc Hub Fac DSF Fac Upp Upp Res Used RIF Installer . | . . . . . . . . . . . . . . . . . . . . . Robots Hacked . | . . . . . . . . . . . . . . . . . . . . . Non-combat . | . . . . . . . . . . . . . . . . . . . . . Combat . | . . . . . . . . . . . . . . . . . . . . . Robot Hacks Applied . | . . . . . . . . . . . . . . . . . . . . . Relay Couplers Released . | . . . . . . . . . . . . . . . . . . . . . Fabnet Peak Effective % . | . . . . . . . . . . . . . . . . . . . . . Robots Rewired . | . . . . . . . . . . . . . . . . . . . . . Allies Hacked . | . . . . . . . . . . . . . . . . . . . . . Hacks Repelled . | . . . . . . . . . . . . . . . . . . . . . Allies | -11 -10 -10 -10 -8 -8 -7 -7 -7 -6 -6 -6 -6 -6 -6 -5 -5 -4 -4 -4 -3 -------- Run | Yrd Mat Min Sub Mat Sto Fac Low Dat Pro Fac Ext Cet Arc Hub Fac DSF Fac Upp Upp Res Total Allies 7 | . . . . . . . . . . . 7 . . . . . . . . . Largest Group 4 | . . . . . . . . . . . 4 . . . . . . . . . Highest-Rated Group 260 | . . . . . . . . . . . 260 . . . . . . . . . Highest-Rated Ally 159 | . . . . . . . . . . . 159 . . . . . . . . . Total Orders . | . . . . . . . . . . . . . . . . . . . . . Ally Attacks 75 | . . . . . . . . . . . 75 . . . . . . . . . Total Damage 2885 | . . . . . . . . . . . 2885 . . . . . . . . . Kills 18 | . . . . . . . . . . . 18 . . . . . . . . . Allies Corrupted . | . . . . . . . . . . . . . . . . . . . . . Allies Melted . | . . . . . . . . . . . . . . . . . . . . . Intel | -11 -10 -10 -10 -8 -8 -7 -7 -7 -6 -6 -6 -6 -6 -6 -5 -5 -4 -4 -4 -3 ------- Run | Yrd Mat Min Sub Mat Sto Fac Low Dat Pro Fac Ext Cet Arc Hub Fac DSF Fac Upp Upp Res Active Infowar (turns) 4307 | . 638 866 178 158 134 215 32 24 284 215 445 144 34 225 8 43 211 150 50 253 Optics 2236 | . . . . . 31 215 32 24 284 215 443 144 34 225 8 43 211 150 50 127 Sensors 1204 | . . . . . . . . . . 100 312 144 34 28 . . 133 150 50 253 Terrain 291 | . . . . . . . . . . . . . . . . . 130 150 11 . Structural 1943 | . 638 866 178 158 103 . . . . . . . . . . . . . . . Cloaking 476 | . . . . . . . . . . 129 150 . 33 112 8 22 . . . 22 Robot Analysis Total . | . . . . . . . . . . . . . . . . . . . . . Derelict Logs Recovered 4 | . . 1 . . . . 1 . 1 . . . . . . . . 1 . . Drone Launches . | . . . . . . . . . . . . . . . . . . . . . Drone Recoveries . | . . . . . . . . . . . . . . . . . . . . . Exploration | -11 -10 -10 -10 -8 -8 -7 -7 -7 -6 -6 -6 -6 -6 -6 -5 -5 -4 -4 -4 -3 ------------- Run | Yrd Mat Min Sub Mat Sto Fac Low Dat Pro Fac Ext Cet Arc Hub Fac DSF Fac Upp Upp Res Turns Passed 4868 | 59 808 866 178 158 347 215 32 24 284 215 484 144 34 225 8 43 211 150 50 333 Spaces Moved 7005 | 44 538 695 141 226 637 399 90 86 839 562 807 276 43 221 21 92 407 362 43 476 Core 31 | 4 . . . . . . . . . . . . . 4 . . . . . 23 Treads 36 | . . . . . . . . . . . . . . 36 . . . . . . Legs 1414 | 40 538 695 141 . . . . . . . . . . . . . . . . . Wheels . | . . . . . . . . . . . . . . . . . . . . . Hover 104 | . . . . . . . . . . . . . . . . . . . . 104 Flight 5420 | . . . . 226 637 399 90 86 839 562 807 276 43 181 21 92 407 362 43 349 Fastest Speed 25 | 50 120 120 120 31 29 28 28 28 28 26 27 29 32 32 32 27 28 28 31 25 Average Speed 49 | 113 120 120 120 31 32 30 28 28 28 26 31 29 35 59 32 31 29 30 31 38 Slowest Speed 350 | 120 190 120 120 111 114 32 28 28 108 30 101 32 37 350 32 32 31 31 31 250 Overloaded Moves . | . . . . . . . . . . . . . . . . . . . . . Propulsion Burnouts . | . . . . . . . . . . . . . . . . . . . . . Robots Hopped 35 | . . . . 1 7 . 1 . 1 2 10 1 . . . 1 5 1 . 5 Potential Cave-ins 18 | . . . . . . . . . . . . . . . . . . 4 . 14 Cave-ins Triggered 4 | . . . . . . . . . . . . . . . . . . . . 4 Exploration Rate (%) 47 | 3 76 97 19 20 94 15 19 77 91 14 81 81 84 26 1 93 14 59 11 20 Regions Visited 20 Branch Regions 12 Pre-discovered Areas 1 | . . . . . . . . 1 . . . . . . . . . . . . Known Exits Taken 7 | . . . . . . . . . . 1 1 1 1 1 1 . . 1 . . Unknown Exits Taken 12 | 1 1 1 1 1 1 1 1 1 1 . . . . . . . 1 . 1 . Scrap Searched 6 | . . 1 . . . . . . 2 . . . . . . . . 2 1 . Spaces Dug 52 | . . . . . 10 . . . 3 1 1 . 1 3 . 2 3 14 . 14 Terrain Destroyed 345 | . 8 48 26 47 15 . . . 3 4 1 . 1 158 . 2 3 14 . 15 Melee 52 | . . . . . 10 . . . 3 1 1 . 1 3 . 2 3 14 . 14 Projectile 5 | . . . . 4 . . . . . . . . . . . . . . . 1 AOE 288 | . 8 48 26 43 5 . . . . 3 . . . 155 . . . . . . Terrain Rammed . | . . . . . . . . . . . . . . . . . . . . . Walls Destroyed . | . . . . . . . . . . . . . . . . . . . . . Machines Disabled . | . . . . . . . . . . . . . . . . . . . . . Actions | -11 -10 -10 -10 -8 -8 -7 -7 -7 -6 -6 -6 -6 -6 -6 -5 -5 -4 -4 -4 -3 --------- Run | Yrd Mat Min Sub Mat Sto Fac Low Dat Pro Fac Ext Cet Arc Hub Fac DSF Fac Upp Upp Res Total 7888 | 50 624 721 145 284 715 480 95 85 863 609 984 295 49 283 21 98 487 380 57 563 Wait 320 | . 23 7 . 8 8 51 4 . 1 1 119 1 . 25 . . 68 4 . . Move 6914 | 43 537 694 140 223 623 398 87 85 836 557 786 273 42 220 20 89 396 359 42 464 Hop 34 | . . . . 1 6 . 1 . 1 2 10 1 . . . 1 5 1 . 5 Pick Up 67 | 1 12 5 . 5 11 5 2 . 2 8 3 . . 5 . 1 3 1 . 3 Fast Attach 71 | 6 2 . . 3 3 3 . . 1 8 8 . . 10 . 5 5 . 1 16 Attach 58 | . 1 . . 5 8 7 1 . 4 5 6 . 1 4 1 . 5 . . 10 Detach 29 | . . . . 1 3 2 . . 1 4 3 . . 1 . . 2 . . 12 Swap 22 | . 6 1 . 2 6 2 . . . 2 2 . . . . . . . . 1 Drop 56 | . 5 5 . 10 7 3 . . 1 8 6 . . 1 . . . 1 . 9 Fire 86 | . 17 8 5 20 9 5 . . 3 5 3 . . 8 . . . . 1 2 Melee 209 | . 21 . . 6 31 4 . . 13 9 19 20 6 9 . 2 3 14 13 39 Ram . | . . . . . . . . . . . . . . . . . . . . . Kick . | . . . . . . . . . . . . . . . . . . . . . Crush . | . . . . . . . . . . . . . . . . . . . . . Escape Stasis 20 | . . . . . . . . . . . 18 . . . . . . . . 2 Rewire 1 | . . . . . . . . . . . 1 . . . . . . . . . Trap 1 | . . 1 . . . . . . . . . . . . . . . . . . Miscellaneous . | . . . . . . . . . . . . . . . . . . . . . Route ------- -11/Scrapyard -10/Materials (discovered 5 exits: [*Mat x2] / [*Min x2] / [*Sub]) -10/Mines (discovered 3 exits: [*Mat x2] / [*Sub]) -10/Subcaves -8/Materials (discovered 2 exits: *Sto x2) -8/Storage -7/Factory -7/Lower Caves -7/Data Miner -6/Proximity Caves -6/Factory -6/Extension (discovered 2 exits: *Fac / *Cet) -6/Cetus (discovered 2 exits: *Fac / *Arc) -6/Archives (discovered 3 exits: *Fac / *Hub x2) -6/Hub_04(d) -5/Factory -5/DSF -4/Factory -4/Upper Caves -4/Upper Caves -3/Research History --------- Turn | Location | Event 2 | -11/Scrapyard | Met Revision 17 6 | -11/Scrapyard | Discovered new exit (range 15) 60 | -11/Scrapyard | Entered Materials 160 | -10/Materials | Discovered new exit (range 15) 252 | -10/Materials | Discovered new exit (range 16) 308 | -10/Materials | Build established: Mutant 431 | -10/Materials | Discovered new exit (range 7) 569 | -10/Materials | Discovered new exit (range 10) 826 | -10/Materials | Discovered new exit (range 8) 868 | -10/Materials | Entered Mines 874 | -10/Mines | Learned Materials non-interactive machine intel 947 | -10/Mines | YI-UF0 nonchalantly dropped a Grenade Launcher on the ground 957 | -10/Mines | Discovered new exit (range 8) 1147 | -10/Mines | Discovered new exit (range 16) 1192 | -10/Mines | Found a hidden stash of uninstalled traps 1399 | -10/Mines | Core integrity fell below 50% 1410 | -10/Mines | Discovered new exit (range 15) 1532 | -10/Mines | Found a Scrap Suit stashed away for nefarious purposes 1535 | -10/Mines | Found Scrap Suit 1734 | -10/Mines | Entered Subcaves 1775 | -10/Subcaves | Shifting Twisted Machinery released Sub. Beam Cannon 1777 | -10/Subcaves | Shifting Twisted Machinery released Multitool 1797 | -10/Subcaves | Ambushed by swarm of Subdwellers 1803 | -10/Subcaves | Ambushed by Subdwellers from Twisted Machinery 1804 | -10/Subcaves | Ambushed by Subdweller buried in earth 1806 | -10/Subcaves | Ambushed by Subdwellers from Twisted Machinery 1829 | -10/Subcaves | Destroyed 8 combat bots 1861 | -10/Subcaves | Discovered new exit (range 15) 1912 | -10/Subcaves | Entered Materials 1912 | -8/Materials | Evolved 4 slots: Propulsion x2, Utility x2 1913 | -8/Materials | Loaded intel: 38 non-interactive machine locations 1924 | -8/Materials | Discovered new exit (range 15) 2069 | -8/Materials | Discovered new exit (range 3) 2070 | -8/Materials | Entered Storage 2204 | -8/Storage | Lost 4 parts (1p1n1u1w) 2306 | -8/Storage | Build established: Scavenger-Sprinter 2412 | -8/Storage | Discovered new exit (range 16) 2417 | -8/Storage | Entered Factory 2417 | -7/Factory | Evolved 2 slots: Power x1, Utility x1 2438 | -7/Factory | Lost 4 parts (3n1u) 2527 | -7/Factory | Repaired Cesium-ion Thruster 2602 | -7/Factory | Discovered new exit (range 19) 2632 | -7/Factory | Entered Lower Caves 2653 | -7/Lower Caves | Learned Factory terminal intel 2660 | -7/Lower Caves | A Derelict revealed a hidden shortcut to meet someone special 2664 | -7/Lower Caves | Entered Data Miner 2664 | -7/Data Miner | Discovered new exit (range 6) 2669 | -7/Data Miner | Met Data Miner 2677 | -7/Data Miner | Learned location of Section 7 (-2) 2677 | -7/Data Miner | Acquired the access code to Warlord's prototype stash 2682 | -7/Data Miner | Received God Mode back door access code from Data Miner 2688 | -7/Data Miner | Entered Proximity Caves 2715 | -6/Proximity Caves | Spotted B-75 Beast 2744 | -6/Proximity Caves | Learned Factory stockpile data 2760 | -6/Proximity Caves | Spotter reported a threat 2765 | -6/Proximity Caves | Spotter reported a threat 2791 | -6/Proximity Caves | Attracted the attention of an 0b10 base 2826 | -6/Proximity Caves | Build established: Hacker-Sprinter 2949 | -6/Proximity Caves | Attracted the attention of an 0b10 checkpoint 2966 | -6/Proximity Caves | Discovered new exit (range 10) 2972 | -6/Proximity Caves | Entered Factory 2972 | -6/Factory | Evolved 2 slots: Propulsion x1, Utility x1 2974 | -6/Factory | Loaded intel: 28 terminal locations 2990 | -6/Factory | Identified exit to DSF 3144 | -6/Factory | Spotted B-75 Beast 3180 | -6/Factory | Discovered new exit (range 12) 3184 | -6/Factory | Identified exit to Extension 3187 | -6/Factory | Entered Extension 3217 | -6/Extension | Spotted B-75 Beast 3221 | -6/Extension | Spotted B-75 Beast 3299 | -6/Extension | Rescued A7 3303 | -6/Extension | Rescued a captive Derelict 3304 | -6/Extension | Rescued a captive Derelict 3378 | -6/Extension | Rescued a captive Derelict 3389 | -6/Extension | Rescued a captive Derelict 3422 | -6/Extension | Rescued a captive Derelict 3444 | -6/Extension | Energy Cycler disabled 3445 | -6/Extension | Rescued a captive Derelict 3447 | -6/Extension | Rescued a captive Derelict 3449 | -6/Extension | Rescued a captive Derelict 3451 | -6/Extension | Rescued a captive Derelict 3452 | -6/Extension | Rescued a captive Derelict 3455 | -6/Extension | Rescued a captive Derelict 3462 | -6/Extension | Central database locked down 3462 | -6/Extension | Central database locked down 3474 | -6/Extension | Lost 3 parts (2p1n) 3665 | -6/Extension | Discovered new exit (range 10) 3665 | -6/Extension | Discovered new exit (range 6) 3667 | -6/Extension | Identified exit to Cetus 3669 | -6/Extension | Identified exit to Factory 3671 | -6/Extension | Entered Cetus 3675 | -6/Cetus | Spotted Cetus Guard 3675 | -6/Cetus | Spotted Cetus Guard 3675 | -6/Cetus | Spotted Cetus Guard 3675 | -6/Cetus | Spotted Cetus Guard 3681 | -6/Cetus | Discovered exit to Factory (range 20) 3797 | -6/Cetus | Discovered new exit (range 20) 3802 | -6/Cetus | Identified exit to Archives 3808 | -6/Cetus | Spotted Cetus Guard 3815 | -6/Cetus | Entered Archives 3832 | -6/Archives | Unable to access archive contents 3832 | -6/Archives | Discovered new exit (range 20) 3836 | -6/Archives | Unable to access archive contents 3837 | -6/Archives | Discovered exit to Factory (range 17) 3848 | -6/Archives | Discovered new exit (range 4) 3849 | -6/Archives | Identified exit to Hub_04(d) 3849 | -6/Archives | Entered Hub_04(d) 3878 | -6/Hub_04(d) | Core integrity fell below 50% 3925 | -6/Hub_04(d) | Lost 5 parts (2p1n2u) 3987 | -6/Hub_04(d) | Network Hub disabled 4039 | -6/Hub_04(d) | Core integrity fell below 20% 4067 | -6/Hub_04(d) | Lost 4 parts (3n1u) 4067 | -6/Hub_04(d) | Discovered exit to Factory (range 14) 4069 | -6/Hub_04(d) | Imp. Hacking Suite fried by hacking feedback 4074 | -6/Hub_04(d) | Entered Factory 4074 | -5/Factory | Evolved 2 slots: Utility x2 4082 | -5/Factory | Identified exit to DSF 4082 | -5/Factory | Entered DSF 4100 | -5/DSF | Additional patrols routed to DSF 4120 | -5/DSF | Discovered new exit (range 15) 4125 | -5/DSF | Entered Factory 4125 | -4/Factory | Evolved 2 slots: Propulsion x2 4149 | -4/Factory | Lost 7 parts (1p1n3u2w) 4182 | -4/Factory | Repaired Nuclear Pulse Thruster+ 4333 | -4/Factory | Discovered new exit (range 10) 4336 | -4/Factory | Entered Upper Caves 4354 | -4/Upper Caves | Identified exit to Upper Caves 4417 | -4/Upper Caves | Spotted B-86 Titan 4478 | -4/Upper Caves | Attracted the attention of an 0b10 checkpoint 4486 | -4/Upper Caves | Entered another Upper Caves area 4529 | -4/Upper Caves | Discovered new exit (range 11) 4536 | -4/Upper Caves | Entered Research 4536 | -3/Research | Evolved 2 slots: Power x1, Utility x1 4610 | -3/Research | Central database locked down 4610 | -3/Research | Central database locked down 4639 | -3/Research | Central database locked down 4663 | -3/Research | Crushed by falling debris 4663 | -3/Research | System corruption reached 10% 4723 | -3/Research | Lost 6 parts (4n2u) 4735 | -3/Research | Spotted B-86 Titan 4786 | -3/Research | Search patrols dispatched 4827 | -3/Research | Core integrity fell below 50% 4829 | -3/Research | Build established: Mutant 4842 | -3/Research | Core integrity fell below 20% 4855 | -3/Research | Crushed by falling debris 4868 | -3/Research | Crushed by falling debris 4870 | -3/Research | Crushed by falling debris 4870 | -3/Research | Smashed by cave-in Last Messages --------------- Xenon Bombardment Thruster destroyed. Penetrated by Slug. Slug penetrates Earth. Acquired Lgt. Antimatter Reactor. Slug penetrates Fabricator. Xenon Bombardment Thruster destroyed. Slug penetrates Fabricator. The unstable cave ceiling collapses. Crushed by falling debris. Adv. Hacking Suite destroyed. System corrupted by crushing effect (+5). Slug penetrates Earth. Penetrated by Slug. System corrupted: Matter fused (-8). The unstable cave ceiling collapses. Crushed by falling debris. Lance destroyed. System corrupted by crushing effect (+4). The unstable cave ceiling collapses. Crushed by falling debris. Map ----- +----------------------------------------------------+ | # #? ! #????????????????????????? | | # # #????????????????????????? | | # # ! ! ?????????????????????????? | | / # ???????????????????????????? | | # / # ?????????????????????????????? | | # # ???????????????????????????????? | | #######"#####+### #???????????????????? | | ??????????????????? | | ??????????????????? | | ??????????????????? | | [% ???????????????????? | | #########""###############???????????????????? | | ?????# !=[ [ #?????????????????????????????? | | ?????# !%[ #?????????????????????????????? | | ?????# """""% #?????????????????????????????? | | ?????#! "" F" ###???????????????????????????? | | ?????# "" ""[! %#???????????????????????????? | | ?????# *[ # ##??????????????????????????? | | ?????# ## ##?????????????????????????? | | ?????# | ### ##????????????????????????? | | ?????###########?## ##???????????????????????? | | ??????????????????## ##????###???????????????? | | ???????????????????## ##??####???????????????? | | ????????????????????## #### ##???????????????? | | ?????????????????????## ## ##????????????????? | | ??????????????????????##g@##?????????????????? | | ???????????????????????####??????????????????? | | ?????????????????????????????????????????????? | | ?????????????????????????????????????????????? | | ?????????????????????????????????????????????? | | ?????????????????????????????????????????????? | | ?????????????????????????????????????????????? | | ?????????????????????????????????????????????? | | ?????????????????????????????????????????????? | | ?????????????????????????????????????????????? | | ?????????????????????????????????????????????? | | ?????????????????????????????????????????????? | | ?????????????????????????????????????????????? | | ?????????????????????????????????????????????? | | ?????????????????????????????????????????????? | | ?????????????????????????????????????????????? | | ?????????????????????????????????????????????? | | ?????????????????????????????????????????????? | | ?????????????????????????????????????????????? | | ?????????????????????????????????????????????? | | ?????????????????????????????????????????????? | | ?????????????????????????????????????????????? | | ?????????????????????????????????????????????? | | ?????????????????????????????????????????????? | | ?????????????????????????????????????????????? | +----------------------------------------------------+ Best States ------------- Heat Dissipation 46 Energy Generation 53 Energy Capacity 580 Matter Stores 300 Matter Capacity 300 Sight Range 20 Robot Scan Range 18 Terrain Scan Range 24 Terrain Scan Density 10 Cloak Strength 2 Armor Coverage 225 Propulsion Shielding 66 Evasion (%) 76 Targeting Accuracy 5 Recoil Reduction 1 Salvage Targeting 1 Offensive Hacking 14 Defensive Hacking 12 Item Schematics ----------------- Missile Launcher | -8/Storage | Hacked Combat Drone Bay | -7/Data Miner | Free Lgt. Regenerative Plating | -7/Data Miner | Free Cld. Cesium-ion Thruster | -7/Data Miner | Free Exp. Propulsion Shielding | -7/Data Miner | Free Imp. Heavy Laser | -7/Data Miner | Free Arm. Medium Treads | -7/Data Miner | Free Adv. Shield Generator | -7/Data Miner | Free Lrn. Proton Cannon | -7/Data Miner | Free VTOL Module | -6/Factory | Scanalyzed Lgt. Deuterium Engine | -6/Factory | Scanalyzed Flight Unit | -6/Factory | Scanalyzed Com. Ion Cannon | -6/Factory | Scanalyzed Hrd. Medium Armor Plating | -6/Factory | Scanalyzed Imp. Signal Interpreter | -6/Factory | Scanalyzed Force Field | -6/Factory | Scanalyzed Robot Schematics ------------------ G-50 Soldier | -7/Data Miner | Free H-55 Commando | -7/Data Miner | Free W-25 Informer | -7/Data Miner | Free S-27 Virus | -7/Data Miner | Free B-48 Gladiator | -7/Data Miner | Free Fabricated ------------ Nothing Repaired ---------- Cesium-ion Thruster | 24% | -7/Factory Nuclear Pulse Thruster | 3% | -4/Factory Studied --------- VTOL Module | -6/Factory | Hacked Katana | -6/Factory | Hacked Lgt. Nuclear Core | -6/Factory | Hacked Lgt. Deuterium Engine | -6/Factory | Hacked Flight Unit | -6/Factory | Hacked Gauss Cannon | -6/Factory | Hacked Nuclear Pulse Thruster | -6/Factory | Hacked Mic. Fission Core | -4/Factory | Hacked Rnf. Deuterium Engine | -4/Factory | Hacked Alien Tech Used ----------------- None Achievements -------------- Can't Catch Me Dangerous Findings Do Not Disturb Dodgeball, But With Guns Dramatic Entrance Dynamic Key Explorer Hunted Look Less Dangerous Next Time Part-time Excavator Prison Break Respectable Loadout Suspicious You Again Challenges ------------ None Game ------ Seed LobotomyLauncherWand Manual? 0 Play Time 02:41:28 Cumulative 11.3 hours Start 2026.09.13 @ 13:29:09 End 2026.09.19 @ 17:10:29 Sessions 3 Manual Loads 0 Difficulty Rogue Special Mode None Game No. 7 Rogue 7 Adventurer 0 Explorer 0 Win Type - Total 0 Types 0/0/0/0/0/0/0/0/0/0 Lore% 11 Gallery% 14 Achievement% 17 Wizard Run 0 Options --------- Layout 1 ASCII 0 Keyboard 0 Movement Mouse Keybinds 0 Fullscreen 1 Font 24/Smallcaps Map View 50x35 Zoom Use 0% Tactical HUD 0 Map Filters NONE Filters NONE Steam 1 RUN: 84d77bba-b6cd-4298-b4f6-73d3b3ace322